 Dungeon Crawl Stone Soup version 0.30.2 (webtiles) character file.

Game seed: 5652480059570342809

178 Ashen the Chiller (level 5, 0/49 HPs)
             Began as an Ogre Ice Elementalist on Jan 19, 2024.
             Was an Initiate of Vehumet.
             Slain by a lemure (8 damage)
             ... led by Pikel
             ... on level 4 of the Dungeon.
             The game lasted 00:07:16 (3069 turns).

Ashen the Chiller (Ogre Ice Elementalist)           Turns: 3069, Time: 00:07:16

Health: 0/49       AC:  3    Str: 12    XL:     5   Next: 58%
Magic:  11/11      EV: 10    Int: 24    God:    Vehumet [......]
Gold:   184        SH:  0    Dex:  9    Spells: 5/12 levels left

rFire   . . .        s - +1 whip (venom)
rCold   . . .        (no shield)
rNeg    . . .        a - +0 robe
rPois   .            (helmet restricted)
rElec   .            (no cloak)
rCorr   .            (gloves unavailable)
SInv    .            (boots unavailable)
Will    +....        (no amulet)
Stlth   ++           d - ring of willpower
HPRegen 0.28/turn    i - +6 ring of intelligence
MPRegen 0.12/turn

%: no passive effects
@: no status effects
A: large, unfitting armour, tough skin 1
a: Renounce Religion


You were on level 4 of the Dungeon.
You worshipped Vehumet.
Vehumet was noncommittal.
You visited 1 branch of the dungeon, and saw 4 of its levels.

You collected 184 gold pieces.

Inventory:

Hand Weapons
 r - a +6 whip of pain
 s - a +1 whip of venom (weapon)
Armour
 a - a +0 robe (worn)
Jewellery
 d - a ring of willpower (left hand)
 i - a +6 ring of intelligence (right hand)
 t - an amulet of reflection
Scrolls
 f - 2 scrolls of poison {unknown}
 g - a scroll of amnesia {unknown}
 h - 2 scrolls of teleportation {unknown}
 k - a scroll of fear {unknown}
 m - a scroll of butterflies {unknown}
 n - 2 scrolls of identify {unknown}
 o - 2 scrolls of immolation {unknown}
 p - a scroll of blinking {unknown}
Potions
 b - a potion of magic
 c - 2 potions of lignification {unknown}
 e - a potion of cancellation {unknown}
 j - a potion of haste {unknown}
 l - a potion of ambrosia {unknown}
 q - a potion of flight {unknown}


   Skills:
 + Level 1.9 Fighting
 + Level 1.3 Maces & Flails
 + Level 2.2 Dodging
 + Level 2.0 Stealth
 * Level 4.0 Spellcasting
 * Level 4.2 Ice Magic


You had 5 spell levels left.
You knew the following spells:

 Your Spells              Type           Power      Damage    Failure   Level
a - Freeze                Ice            100%       1d10      1%          1
b - Frozen Ramparts       Ice            50%        1d8       4%          3
c - Ozocubu's Armour      Ice            25%        N/A       4%          3

Your spell library contained the following spells:

 Spells                   Type           Power      Damage    Failure   Level
 Necrotise                Necr           16%        1d4       10%         1
 Summon Small Mammal      Summ           16%        N/A       10%         1
 Call Canine Familiar     Summ           4%         N/A       28%         3
 Ignite Poison            Fire/Tmut/Pois 4%         N/A       28%         3
 Summon Guardian Golem    Hex/Summ       4%         N/A       28%         3
 Vampiric Draining        Necr           4%         2d6       28%         3
 Summon Ice Beast         Ice/Summ       15%        N/A       38%         4
 Sticky Flame             Conj/Fire      4%         2d3       67%         4
 Agony                    Necr           4%         N/A       95%         5
 Ignition                 Fire           2%         3d3       100%        8


Dungeon Overview and Level Annotations

Branches:
Dungeon (4/15)             Temple (0/1) D:4

Altars:
Ashenzari
Cheibriados
Dithmenos
Fedhas
Gozag
Nemelex Xobeh
Qazlal
Vehumet
Xom


Innate Abilities, Weirdness & Mutations

You are too large for most types of armour.
You have tough skin. (AC +1)


Message History

The endoplasm attacks as you move away! The endoplasm hits you.
You hit the endoplasm.
The endoplasm is poisoned.
The endoplasm is heavily wounded.
The endoplasm hits you.
You hit the endoplasm.
You kill the endoplasm!
Vehumet accepts your kill.
Things that are here:
a +0 club; a +0 chain mail; an orc corpse
Found 8 stones.
You open the door.
Found a leather armour.
Found a stone staircase leading down.
An orc priest comes into view. It is wielding a +0 mace.
Found a staircase to the Ecumenical Temple.
There is an open door here.
The orc priest shouts!
The orc priest miscasts a cantrip.
You open the door. The lemure attacks as you move away! The lemure hits you.
There is an open door here.
The lemure attacks as you move away! The lemure hits you.
The lemure attacks as you move away! The lemure hits you.
The lemure attacks as you move away! The lemure barely misses you.
The orc priest mumbles some strange prayers to Beogh against you.
Beogh smites you!
You barely miss the lemure. The lemure attacks as you move away!
The lemure closely misses you. The lemure attacks as you move away!
The lemure hits you.
You see here 7 stones.
The lemure hits you. The lemure attacks as you move away! The lemure hits you.
* * * LOW HITPOINT WARNING * * *
The orc priest calls down the wrath of Beogh upon you.
Beogh smites you!
* * * LOW HITPOINT WARNING * * *
The lemure attacks as you move away! The lemure closely misses you.
You hear the slow hiss of a distant avalanche of sand.
There is a stone staircase leading up here.
The lemure hits you!
You die...

#....).......#....# #....#
####.)###..########
######....###
##..###############...##^......
+....)....#(........(.##....#
#.........#....=......##....#
#.........# ...............#
##(.###.### #.)##...##....#
####..# .########'##...#####o#
......# .......@5...o..##5>.o##
......# ........5.......'.....#
..##..# ###.[##.####...##....##
.. #..# .##..##.## #...##...[#
.. ....# .........#.....##....#
.. #...+ .........#.....##>...#
.. #..## .##......#.....#.....#
.. #..# #...#..#.##..#.....#
#...##### ####.....#


You could see 2 lemures and an orc priest.

Vanquished Creatures
  An iguana (D:4)
  Robin (D:2)
  4 adders
  A worm (D:3)
  A dart slug (D:1)
  5 orcs
  4 endoplasms
  A giant cockroach (D:3)
  22 goblins
  13 hobgoblins
  10 kobolds
  A quokka (D:2)
  8 ball pythons
  5 bats
  7 frilled lizards
  4 rats
88 creatures vanquished.

Notes
Turn   | Place    | Note
-------+----------+-------------------------------------------
     0 | D:1      | Ashen the Ogre Ice Elementalist began the quest for the
                  | Orb.
     0 | D:1      | Reached XP level 1. HP: 16/16 MP: 3/3
   158 | D:1      | Reached XP level 2. HP: 26/26 MP: 3/5
   612 | D:1      | You fall into a shaft and drop 1 floor!
   627 | D:2      | Reached XP level 3. HP: 30/32 MP: 5/7
   702 | D:2      | Reached skill level 1 in Fighting
   806 | D:2      | Learned a level 3 spell: Frozen Ramparts
   810 | D:2      | Learned a level 3 spell: Ozocubu's Armour
  1374 | D:2      | Reached XP level 4. HP: 41/41 MP: 3/9
  1521 | D:2      | Noticed Robin
  1536 | D:2      | Killed Robin
  1537 | D:2      | Reached skill level 1 in Maces & Flails
  1855 | D:3      | Found a radiant altar of Vehumet.
  1934 | D:3      | Became a worshipper of Vehumet
  2014 | D:3      | Found a broken altar of Ashenzari.
  2016 | D:3      | Found a sparkling altar of Nemelex Xobeh.
  2018 | D:3      | Found a shimmering altar of Xom.
  2018 | D:3      | Found an opulent altar of Gozag.
  2019 | D:3      | Found a shadowy altar of Dithmenos.
  2019 | D:3      | Found a blossoming altar of Fedhas.
  2019 | D:3      | Found a snail-covered altar of Cheibriados.
  2019 | D:3      | Found a stormy altar of Qazlal.
  2353 | D:3      | Reached XP level 5. HP: 36/48 MP: 5/10
  3033 | D:4      | Noticed a lemure
  3034 | D:4      | Noticed a lemure
  3049 | D:4      | Found a staircase to the Ecumenical Temple.
  3069 | D:4      | Slain by a lemure

Illustrated notes

Levels and vault maps discovered:
D:1:      roderic_dead_forest, layout_basic, amethyst_killhole,
          minmay_misc_feat_tiny, dreamdust_wishing_well, minivault_26,
          chequers_serial_rivers_micro_c, minmay_indecisive_spiral
D:2:      minmay_spotlight, layout_rooms, minmay_goblin_outpost, uniq_robin
D:3:      layout_loops_ring, fiery_altar_vehumet, grunt_temple_overflow_open
D:4:      layout_gridville, lemuel_zombie_altar_kikubaaqudgha,
          kennysheep_little_box, minmay_temple_entry_proselytizer,
          nicolae_ossuary_entry_catacombs, hangedman_decor_lopped, uniq_pikel

Skill      XL: |  1  2  3  4  5 |
---------------+----------------+-----
Spellcasting   | 3 4 |  4.0
Dodging        | 2 |  2.2
Fighting       | 1 |  1.9
Ice Magic      | 4 |  4.2
Maces & Flails | 1 |  1.3
Stealth        | 2 |  2.0

Action                     |  1- 3 |  4- 6 || total
---------------------------+-------+-------++-------
  Melee: Unarmed           |    10 |       ||    10
         Club              |     7 |       ||     7
         Whip              |    34 |    67 ||   101
   Cast: Freeze            |    47 |    23 ||    70
         Frozen Ramparts   |     1 |     2 ||     3
   Stab: Sleeping          |     2 |     1 ||     3
         Distracted        |     1 |       ||     1
 Armour: Robe              |    33 |    11 ||    44
  Dodge: Dodged            |    51 |    50 ||   101
